 Dungeon Crawl Stone Soup version 0.31-a0-175-g9f7f995f2b (webtiles) character file.

Game seed: 18029666564035133740

218 qw the Shooter (level 5, -4/32 HPs)
             Began as a Gargoyle Hunter on June 17, 2023.
             Was an Initiate of Okawaru.
             Slain by an iguana (7 damage)
             ... on level 4 of the Dungeon.
             The game lasted 00:00:56 (2477 turns).

qw the Shooter (Gargoyle Hunter)                    Turns: 2477, Time: 00:00:56

Health: -4/32      AC: 10    Str: 15    XL:     5   Next: 95%
Magic:  5/5        EV:  8    Int:  9    God:    Okawaru [......]
Gold:   127        SH:  0    Dex: 15    Spells: 4/4 levels left

rFire   . . .        Y - +0 shortbow
rCold   . . .        (shield currently unavailable)
rNeg    + . .        d - +0 ring mail
rPois   inf          (no helmet)
rElec   +            (no cloak)
rCorr   .            (no gloves)
SInv    .            b - +0 pair of boots
Will    .....        (no amulet)
Stlth   +            (no ring)
HPRegen 0.25/turn    (no ring)
MPRegen 0.09/turn

%: no passive effects
@: grasped by roots, constricted
A: sickness immunity, AC +4, negative energy resistance 1, electricity
resistance, torment resistance 1, petrification resistance
a: Renounce Religion


You were on level 4 of the Dungeon.
You worshipped Okawaru.
Okawaru was noncommittal.
You visited 1 branch of the dungeon, and saw 4 of its levels.

You collected 127 gold pieces.


Innate Abilities, Weirdness & Mutations

You are immune to sickness and miasma.
Your stone body is resilient. (AC +4)
You are immune to poison.
You resist negative energy. (rN+)
You are resistant to electric shocks. (rElec)
You are resistant to unholy torment.
You are immune to petrification.


   Skills:
 + Level 3.5 Fighting
 - Level 6.3 Ranged Weapons
 - Level 1.0 Armour
 - Level 1.5 Dodging
 - Level 1.1 Stealth


You had 4 spell levels left.
You didn't know any spells.
Your spell library was empty.

Inventory:

Hand Weapons
 Y - a +0 shortbow (weapon)
Armour
 b - a +0 pair of boots (worn)
 d - a +0 ring mail (worn)
 f - a scarf of repulsion
Scrolls
 a - 2 scrolls of identify
Potions
 c - a potion of heal wounds {unknown}
 e - a potion of degeneration {unknown}
 h - a potion of might

Dungeon Overview and Level Annotations

Branches:
Dungeon (4/15)             Temple (0/1) D:4

Altars:
Ashenzari
Makhleb
Nemelex Xobeh
Okawaru
Zin

Shops:
D:3 [

Annotations:
D:4 Ijyb


Message History

The grasping roots release their grip on you.
You shoot an arrow. The arrow closely misses Ijyb.
Ijyb screams, "Me kill you!" Ijyb hits you but does no damage.
Ijyb completely misses you.
You shoot an arrow. The arrow hits Ijyb!
Ijyb is moderately wounded.
Ijyb zaps a wand.
The roots erupt in riotous growth!
The grasping roots grab you!
Ijyb is unaffected.
The grasping roots constrict you.
You hear an angry hiss.
You shoot an arrow. The arrow barely misses Ijyb.
Ijyb hits you with a +0 dagger. The grasping roots constrict you.
You shoot an arrow. The arrow hits Ijyb.
Ijyb is heavily wounded.
Ijyb hits you with a +0 dagger. The grasping roots constrict you.
You shoot an arrow. The arrow misses Ijyb.
Ijyb hits you but does no damage. The grasping roots constrict you.
The grasping roots release their grip on you.
You shoot an arrow. The arrow hits Ijyb but does no damage.
Ijyb is heavily wounded.
Ijyb screams, "Me stronger than you!" Ijyb closely misses you.
You shoot an arrow. The arrow hits Ijyb but does no damage.
Ijyb is heavily wounded.
Ijyb barely misses you.
An iguana comes into view.
Ijyb hits you but does no damage.
You shoot an arrow. The arrow hits Ijyb.
Ijyb is severely wounded.
Ijyb hits you with a +0 dagger.
You shoot an arrow. The arrow barely misses Ijyb.
Ijyb zaps a wand.
The roots erupt in riotous growth!
The grasping roots grab you!
The iguana is unaffected.
Ijyb is unaffected.
The grasping roots constrict you. The iguana closely misses you.
You shoot an arrow. The arrow hits Ijyb but does no damage.
Ijyb is severely wounded.
Ijyb hits you but does no damage. The grasping roots constrict you.
The iguana bites you!
You die...

#......# ..>..}
#......# .....
###....# #...#
..'....# #.}.#
..#....# #...
'##....######.+###
..#......#.#.....#
..#............l.#
..#..#.#.###.###@#
..#..#.#.#
#...#%g......
..#..###.#
#.###........
..#.. ... ...
...#....# ###. ...
......##....#
##.###.###.# ....
..# .# #.. ... #.#
### ..#


You could see Ijyb and an iguana.

Vanquished Creatures
  Blork the orc (D:3)
  A hound (D:4)
  A gnoll (D:3)
  3 adders
  A worm (D:2)
  3 dart slugs
  6 orcs (D:3)
  5 bats
  6 endoplasms
  2 giant cockroaches
  7 goblins
  9 hobgoblins
  3 quokkas
  4 ball pythons
  2 frilled lizards
  7 kobolds
  6 rats
67 creatures vanquished.

Notes
Turn   | Place    | Note
-------+----------+-------------------------------------------
     0 | D:1      | qw the Gargoyle Hunter began the quest for the Orb.
     0 | D:1      | Reached XP level 1. HP: 12/12 MP: 1/1
     0 | D:1      | 0 ||| qw: Version: 0.3-a-2-g5ab2908
     0 | D:1      | 0 ||| qw: Game counter: 327
     0 | D:1      | 0 ||| qw: Always use a shield: true
     0 | D:1      | 0 ||| qw: God list: Okawaru
     0 | D:1      | 0 ||| qw: Allow faded altars: false
     0 | D:1      | 0 ||| qw: Do Orc after D:15 true
     0 | D:1      | 0 ||| qw: Do second Lair branch before Depths: true
     0 | D:1      | 0 ||| qw: Lair rune preference: random
     0 | D:1      | 0 ||| qw: Plans: Normal, Zot:1-4, Slime:5, God:TSO, Crypt,
                  | Tomb, Abyss, Pan, Hells, Win
     0 | D:1      | 0 ||| PLANNING D:1-11
   294 | D:1      | Reached XP level 2. HP: 17/17 MP: 2/2
   399 | D:1      | 399 ||| UPGRADING to +0 ring mail.
   409 | D:1      | 409 ||| DROPPING +0 leather armour.
   410 | D:1      | 410 ||| READING 3 scrolls labelled MUSEQAN VECU.
   411 | D:1      | 411 ||| READING scroll labelled RODDUFFEOLL.
   421 | D:1      | 421 ||| READING scroll labelled OTRUIN LIASYS.
   422 | D:1      | 422 ||| READING 2 scrolls of identify.
   422 | D:1      | 422 ||| IDENTIFYING smoky silvery potion
   423 | D:1      | 423 ||| DROPPING scroll of butterflies.
   534 | D:2      | Reached skill level 1 in Armour
   651 | D:2      | Reached XP level 3. HP: 18/21 MP: 3/3
   956 | D:2      | Reached skill level 5 in Ranged Weapons
  1255 | D:2      | 1255 ||| UPGRADING to +0 pair of boots.
  1324 | D:3      | Reached skill level 3 in Fighting
  1324 | D:3      | Reached XP level 4. HP: 28/28 MP: 4/4
  1330 | D:3      | Found a sparkling altar of Nemelex Xobeh.
  1336 | D:3      | Found Diusk's Armour Boutique.
  1359 | D:3      | 1359 ||| SHOPLISTING +0 ring mail of cold resistance (154
                  | gold, have 99).
  1371 | D:3      | Found a burning altar of Makhleb.
  2116 | D:3      | 2116 ||| Stepping ~*~*~tactically~*~*~ (outnumbered).
  2117 | D:3      | 2117 ||| Stepping ~*~*~tactically~*~*~ (outnumbered).
  2135 | D:3      | Found an iron altar of Okawaru.
  2136 | D:3      | 2136 ||| PLANNING OKAWARU WORSHIP
  2143 | D:3      | Became a worshipper of Warmaster Okawaru
  2144 | D:3      | 2144 ||| PLANNING D:1-11
  2203 | D:3      | Found a glowing silver altar of Zin.
  2226 | D:3      | Reached XP level 5. HP: 32/32 MP: 5/5
  2234 | D:3      | Found a broken altar of Ashenzari.
  2309 | D:4      | Noticed Blork the orc
  2320 | D:4      | 2320 ||| STAIRDANCE
  2322 | D:3      | Killed Blork the orc
  2323 | D:3      | Reached skill level 6 in Ranged Weapons
  2448 | D:4      | Found a staircase to the Ecumenical Temple.
  2456 | D:4      | Noticed Ijyb
  2458 | D:4      | 2458 ||| Stepping ~*~*~tactically~*~*~ (outnumbered).
  2470 | D:4      | HP: 8/32 [constriction (6)]
  2475 | D:4      | HP: 5/32 [Ijyb/+0 dagger (1)]
  2477 | D:4      | Slain by an iguana

Levels and vault maps discovered:
D:1:      wheals_arrival_shading, layout_rooms, dk_noncrumbling_4
D:2:      layout_basic
D:3:      layout_loops_corners, okawaru_altar_gauntlet_db,
          nemelex_xobeh_ov_fountains_minmay, lemuel_tele_altar,
          mainiacjoe_overflow_two_lobes, serial_shops, nicolae_shop_waterfront
D:4:      layout_gridville, minmay_temple_entry_junction,
          minmay_misc_feat_nine_boxes, uniq_blork_the_orc, uniq_ijyb

Skill      XL: |  1  2  3  4  5 |
---------------+----------------+-----
Armour         | 1 |  1.0
Ranged Weapons | 5 6 |  6.3
Fighting       | 3 |  3.5
Dodging        | |  1.5
Stealth        | |  1.1

Action                     |  1- 3 |  4- 6 || total
---------------------------+-------+-------++-------
   Fire: Shortbow          |   111 |   101 ||   212
    Use: Scroll            |     4 |       ||     4
 Armour: Leather armour    |     3 |       ||     3
         Ring mail         |    14 |    25 ||    39
  Dodge: Dodged            |    26 |    43 ||    69

Table legend:
 A = Non-vault XP
 B = Vault XP
 C = Vault XP percentage of total XP
 D = Non-vault monster count
 E = Vault monster count
 F = Vault count percentage of total count
                 A         B        C        D         E       F
            +---------+---------+-------+---------+---------+-------
      Total |     187 |     125 |  40.1 |      60 |       7 |  10.4
            +---------+---------+-------+---------+---------+-------
        D:1 |      15 |       0 |   0.0 |       8 |       0 |   0.0
        D:2 |      57 |       0 |   0.0 |      26 |       0 |   0.0
        D:3 |      69 |     125 |  64.4 |      23 |       7 |  23.3
        D:4 |      46 |       0 |   0.0 |       3 |       0 |   0.0
            +---------+---------+-------+---------+---------+-------
